 Dungeon Crawl Stone Soup version 0.23.1-41-g7e51ed32d8 (webtiles) character file.

Game seed: 12737679175036688950

1218 PentaManta the Skirmisher (level 8, -17/60 HPs)
             Began as an Octopode Fighter on Mar 30, 2019.
             Was a Follower of Dithmenos.
             Demolished by an orc warrior
             ... wielding a +0 glaive of freezing
              (42 damage)
             ... on level 6 of the Dungeon.
             The game lasted 00:11:17 (6665 turns).

PentaManta the Skirmisher (Octopode Fighter)        Turns: 6665, Time: 00:11:19

Health: -17/60     AC:  1    Str: 15    XL:     8   Next: 46%
Magic:  8/8        EV: 12    Int: 10    God:    Dithmenos [*.....]
Gold:   269        SH: 10    Dex: 14    Spells: 7/7 levels left

rFire    + . .     SeeInvis .   a - +0 long sword
rCold    . . .     Gourm    .   b - +1 shield
rNeg     . . .     Faith    .   (helmet restricted)
rPois    .         Spirit   .   (no amulet)
rElec    .         Reflect  .   h - ring of protection from fire
rCorr    .         Harm     .   (no ring)
MR       .....                  (no ring)
Stlth    ++++......             (no ring)
HPRegen  0.20/turn              (no ring)
MPRegen  0.11/turn              (no ring)
                                (no ring)
                                (no ring)

@: wreathed by umbra
A: almost no armour, stealthy swim, amphibious, 8 rings, constrict 8, camouflage
1, gelatinous body 1
a: Renounce Religion


You were on level 6 of the Dungeon.
You worshipped Dithmenos.
Dithmenos was aware of your devotion.
You were not hungry.

You visited 2 branches of the dungeon, and saw 7 of its levels.

You collected 269 gold pieces.

Inventory:

Hand Weapons
 a - a +0 long sword (weapon)
Missiles
 m - 7 poisoned javelins (quivered)
 x - 5 tomahawks
Armour
 b - a +1 shield (worn)
Jewellery
 h - a ring of protection from fire (left tentacle)
Wands
 u - a wand of flame (29)
 y - a wand of digging (4)
Scrolls
 e - 2 scrolls of enchant armour
 g - a scroll of teleportation
 i - a scroll of remove curse
 t - a scroll of amnesia
Potions
 c - a potion of might
 f - a potion of resistance
 j - 2 potions of magic
 k - a potion of lignification
 q - a potion of curing {unknown}
 r - a potion of haste {unknown}
 w - a potion of mutation {unknown}
Comestibles
 d - 6 rations
 z - 2 chunks of flesh


   Skills:
 + Level 7.3 Fighting
 + Level 6.9 Long Blades
 - Level 3.0 Dodging
 - Level 4.2 Stealth
 - Level 3.0 Shields


You had 7 spell levels left.
You didn't know any spells.
Your spell library was empty.

Dungeon Overview and Level Annotations

Branches:
Dungeon (6/15)             Temple (1/1) D:5

Altars:
Ashenzari
Cheibriados
Dithmenos
Elyvilon
Fedhas
Gozag
Hepliaklqana
Kikubaaqudgha
Nemelex Xobeh
Okawaru
Ru
Sif Muna
Trog
Uskayaw
Vehumet
Xom
Yredelemnul
Zin
The Shining One

Annotations:
D:3 3 runed translucent doors, luab's ghost, amateur GrFi


Innate Abilities, Weirdness & Mutations

You cannot wear most types of armour.
You are very stealthy in the water. (Stealth+)
You are amphibious.
You can wear up to eight rings at the same time.
You can use your tentacles to constrict eight enemies at once.
Your skin changes colour to match your surroundings (Stealth+).
Your rubbery body absorbs attacks. (AC +1, EV +1)


Message History

You hear some strange, mumbled words.
You are confused.
The orc warrior completely misses you. The orc barely misses you.
You release your grip on the orc warrior.
You release your grip on the orc.
The orc hits you with a +0 dagger! The orc warrior barely misses you.
Something hits you but does no damage. The orc closely misses you.
You hit the orc warrior but do no damage.
Your squeeze misses the orc warrior.
The orc warrior is moderately wounded.
Something hits you. The orc warrior misses you. The orc completely misses you.
A quokka skeleton comes into view.
The orc warrior closely misses you.
You closely miss the orc warrior. Your squeeze misses the orc warrior.
The orc warrior is moderately wounded.
You feel less confused. Something hits you.
The orc warrior hits you with a +0 glaive of freezing!!!
Ouch! That really hurt!
You die...

,* *,*,*,,**,*,,,,,,,,, ,*
*,*,**,**,*,****,*** ,*
***,*.##,*#.#,***,,,** ,*
*,,,,...,...,,,*,,,,,* ,*
******,***..#,..,,,,,,,,,,* ,*
*,,,,,,* *#.#..#**,,*,,,,,* ,*
*,****** #.#>.# *,,**,,,,*
,******,*########o#..# *,,***,#.#
,,,,,,,,,.....Z.@o...# *,.* #.#.#
,******,*####(##.{.#.###.####.#.#
,******,,,,,,#[=.........#......#
,,,,,,,,,***#.##>.............#.#
********** #,*##.#..###.#.#..#.#
*,* #........#.#..#.# *,*
###.(##..#.#..#[# *,*
#.............# *,*
#)###....#..#รท#


You could see an orc warrior, an orc and a quokka skeleton.

Vanquished Creatures
  2 phantoms (D:4)
  2 ogres (D:4)
  A centaur (D:6)
  A bullfrog (D:4)
  A howler monkey (D:5)
  A centaur zombie (D:5)
  A bullfrog zombie (D:6)
  A hound (D:5)
  3 orc priests
  A bullfrog skeleton (D:5)
  3 iguanas
  A gnoll shaman (D:6)
  An orc wizard (D:3)
  3 worker ants
  A hound skeleton (D:6)
  Robin (D:2)
  3 gnolls (D:6)
  5 adders
  2 oozes
  An adder zombie (D:5)
  A dart slug (D:4)
  A worm (D:3)
  4 leopard geckos
  23 orcs
  7 bats
  7 giant cockroaches
  17 goblins
  17 hobgoblins
  8 jackals
  8 kobolds
  2 quokkas (D:5)
  2 ball pythons
  A ball python zombie (D:5)
  7 frilled lizards
  2 quokka skeletons
  12 rats
154 creatures vanquished.

Notes
Turn   | Place    | Note
-------+----------+-------------------------------------------
     0 | D:1      | PentaManta the Octopode Fighter began the quest for the
                  | Orb.
     0 | D:1      | Reached XP level 1. HP: 16/16 MP: 1/1
    83 | D:1      | Reached skill level 1 in Stealth
   147 | D:1      | Reached XP level 2. HP: 15/21 MP: 2/2
   564 | D:2      | Reached XP level 3. HP: 17/26 MP: 3/3
   625 | D:2      | Noticed Robin
   866 | D:2      | Killed Robin
  1156 | D:2      | Reached XP level 4. HP: 31/31 MP: 4/4
  1396 | D:2      | Found a basalt altar of Yredelemnul.
  1396 | D:2      | Found a snail-covered altar of Cheibriados.
  1396 | D:2      | Found a bloodstained altar of Trog.
  1396 | D:2      | Found a glowing silver altar of Zin.
  1404 | D:2      | Found a shattered altar of Ashenzari.
  1409 | D:2      | Found a blossoming altar of Fedhas.
  1944 | D:3      | Reached XP level 5. HP: 37/37 MP: 5/5
  1988 | D:3      | Reached skill level 4 in Fighting
  2013 | D:3      | Found an iron altar of Okawaru.
  2040 | D:3      | Found a runed translucent gate.
  2040 | D:3      | Found a runed translucent gate.
  2040 | D:3      | Found a runed translucent gate.
  2169 | D:3      | Noticed luab's ghost (amateur GrFi)
  3018 | D:4      | You fall through a shaft for 2 floors!
  3250 | D:6      | Reached XP level 6. HP: 37/44 MP: 6/6
  3457 | D:6      | Reached skill level 5 in Fighting
  3635 | D:5      | Entered Level 5 of the Dungeon
  3670 | D:5      | Found a staircase to the Ecumenical Temple.
  3679 | Temple   | Entered the Ecumenical Temple
  3960 | Temple   | Became a worshipper of Dithmenos the Shadowed
  4287 | D:4      | Reached XP level 7. HP: 39/50 MP: 7/7
  4357 | D:4      | Reached skill level 5 in Long Blades
  4714 | D:4      | Reached skill level 6 in Fighting
  5838 | D:4      | Reached XP level 8. HP: 37/58 MP: 8/8
  6077 | D:5      | Reached * piety under Dithmenos
  6080 | D:5      | Reached skill level 7 in Fighting
  6665 | D:6      | Demolished by an orc warrior

Skill      XL: |  1  2  3  4  5  6  7  8 |
---------------+-------------------------+-----
Stealth        | 2 3 4 |  4.2
Long Blades    | 3 4 6 |  6.9
Fighting       | 4 5 6 7 |  7.3
Dodging        | |  3.0
Shields        | |  3.0

Action                   |  1- 3 |  4- 6 |  7- 9 || total
-------------------------+-------+-------+-------++-------
Melee: Long sword        |    51 |   131 |   148 ||   330
       Constrict         |    16 |    42 |    30 ||    88
       Tentacles         |    14 |    37 |    31 ||    82
Throw: Javelin           |       |       |     4 ||     4
  Use: Scroll            |       |     4 |     6 ||    10
       Potion            |       |       |     1 ||     1
 Stab: Sleeping          |     7 |    14 |     8 ||    29
  Eat: Chunk             |       |     9 |     3 ||    12
       Ration            |       |       |     2 ||     2
Armor: Skin              |     5 |     7 |     1 ||    13
Dodge: Dodged            |    26 |    60 |    66 ||   152
Block: Shield            |    24 |    48 |    65 ||   137
       Rpst.: Long sword |     9 |    25 |    12 ||    46
